 Dungeon Crawl Stone Soup version 0.23.0 (webtiles) character file.

Game seed: 14585013501267053105

3669 poirepourri the Cleaver (level 9, -5/90 HPs)
             Began as a Deep Dwarf Fighter on Feb 14, 2019.
             Was an Elder of Makhleb.
             Slain by Grum
             ... wielding a +1 glaive
              (18 damage)
             ... on level 8 of the Dungeon.
             The game lasted 00:07:35 (7149 turns).

poirepourri the Cleaver (Deep Dwarf Fighter)        Turns: 7149, Time: 00:07:35

Health: -5/90      AC:  8    Str: 21    XL:     9   Next: 89%
Magic:  7/7        EV:  7    Int:  8    God:    Makhleb [****..]
Gold:   189        SH:  9    Dex: 15    Spells: 8/8 levels left

rFire    . . .     SeeInvis .   a - +7 war axe
rCold    . . .     Gourm    .   c - +0 shield
rNeg     + . .     Faith    .   b - +0 scale mail
rPois    .         Spirit   .   (no helmet)
rElec    .         Reflect  .   h - +0 cloak
rCorr    .         Harm     .   (no gloves)
MR       +....                  (no boots)
Stlth    ..........             e - amulet of rage
HPRegen  0.00/turn              k - ring of positive energy
MPRegen  0.10/turn              (no ring)

@: non-regenerating
A: damage resistance, heal wounds, sense surroundings 2, no regeneration
a: Heal Wounds, Minor Destruction, Lesser Servant of Makhleb, Major Destruction,
Renounce Religion, Evoke Berserk Rage


You were on level 8 of the Dungeon.
You worshipped Makhleb.
Makhleb was greatly pleased with you.
You were hungry.

You visited 2 branches of the dungeon, and saw 9 of its levels.
You also visited: Sewer.

You collected 315 gold pieces.
You spent 126 gold pieces at shops.

Inventory:

Hand Weapons
 a - a +7 war axe (weapon)
Missiles
 d - 3 throwing nets (quivered)
 g - 34 bolts
 j - 13 tomahawks
Armour
 b - a +0 scale mail (worn)
 c - a +0 shield (worn)
 h - a +0 cloak (worn)
Jewellery
 e - an amulet of rage (around neck)
 k - a ring of positive energy (left hand)
Wands
 f - a wand of digging (8)
 m - a wand of random effects (17)
 n - a wand of flame (30)
Scrolls
 i - 4 scrolls of remove curse
 r - 5 scrolls of identify
 w - a scroll of teleportation
Potions
 l - a potion of cancellation
 q - 6 potions of flight
 s - 7 potions of curing
 t - a potion of agility
 v - a potion of lignification
Comestibles
 o - 9 rations


   Skills:
 + Level 8.5 Fighting
 - Level 12.1 Axes
 - Level 3.2 Armour
 - Level 3.2 Shields


You had 8 spell levels left.
You didn't know any spells.
Your spell library contained the following spells:

 Spells                   Type           Power        Failure   Level  Hunger
 Beastly Appendage        Tmut           #.....       99%         1    ##.....
 Confusing Touch          Hex            #.....       99%         1    ##.....
 Magic Dart               Conj           #...         99%         1    ##.....
 Blink                    Tloc           N/A          100%        2    ###....
 Call Imp                 Summ           #.......     100%        2    ###....
 Slow                     Hex            #.......     100%        2    ###....
 Sticks to Snakes         Tmut           #.......     100%        2    ###....
 Confuse                  Hex            #.......     100%        3    ####...
 Conjure Flame            Conj/Fire      #.......     100%        3    ####...
 Gell's Gravitas          Tloc           #.........   100%        3    ####...
 Mephitic Cloud           Conj/Pois/Air  #.......     100%        3    ####...
 Spider Form              Tmut/Pois      #.........   100%        3    ####...
 Ice Form                 Ice/Tmut       #.......     100%        4    #####..
 Petrify                  Tmut/Erth      #.......     100%        4    #####..
 Blade Hands              Tmut           #.........   100%        5    ######.
 Metabolic Englaciation   Hex/Ice        #.........   100%        5    ######.
 Yara's Violent Unravell  Hex/Tmut       #.........   100%        5    ######.


Dungeon Overview and Level Annotations

Branches:
Dungeon (8/15)             Temple (1/1) D:4            Lair (0/6) D:8

Altars:
Ashenzari
Cheibriados
Dithmenos
Elyvilon
Fedhas
Gozag
Hepliaklqana
Kikubaaqudgha
Makhleb
Nemelex Xobeh
Okawaru
Qazlal
Ru
Sif Muna
Trog
Uskayaw
Vehumet
Wu Jian
Xom
Yredelemnul
Zin
The Shining One

Shops:
D:5 *

Annotations:
D:7 3 runed translucent doors
D:8 Grum


Innate Abilities, Weirdness & Mutations

You are resistant to damage.
You can heal yourself by infusing magical energy.
You passively map the area around you.
You do not regenerate.


Message History

You closely miss the wolf. You block the wolf's attack. x2
Grum hits you from afar with a +1 glaive.
The wolf bites you. The wolf bites you but does no damage.
Unknown command.
You slash the wolf!
You kill the wolf!
Makhleb accepts your kill.
You feel better.
You slash the wolf!
You kill the wolf!
Makhleb accepts your kill.
You feel better.
Grum hits you from afar with a +1 glaive!!
* * * LOW HITPOINT WARNING * * *
Grum hits you with a +1 glaive!
* * * LOW HITPOINT WARNING * * *
There is an open door, spattered with blood here.
You see here a wolf corpse.
Unknown command.
You hit Grum but do no damage. Grum hits you with a +1 glaive!!
You die...

#....##........≈......#
#.....#...............# * *
#.....#.......+......## ,
#.....#.......#.....## * ,,
#######.......##....# . , ,
#.....#.......#######.. ,,
#.....#.......#........,,,
#.....#......†#g...>... ,
,, #.(...'.......†@.......,
, ,
##.....#..######........,,,
....####..# .......##* ,
....#.....# , ..####### , ,
....#.....# ... *
....'.....# .... ,
....#.....#..... ,
....#######.....* * ##### *
* *


You could see Grum.

Vanquished Creatures
  A troll (D:8)
  Grinder (D:3)
  Sigmund (D:5)
  A water moccasin (D:7)
  An orc warrior (D:7)
  A sky beast (D:8)
  3 ogres
  7 wolves (D:8)
  2 centaurs
  2 big kobolds
  2 bullfrogs
  2 scorpions (D:7)
  5 wights (D:8)
  2 electric eels (D:8)
  2 crimson imps
  5 hounds
  A jelly (D:7)
  3 orc priests
  6 iguanas
  A bullfrog skeleton (D:4)
  A centaur skeleton (D:7)
  Jessica (D:3)
  Ijyb (D:5)
  2 orc wizards
  5 worker ants
  2 hound skeletons (D:4)
  Robin (D:3)
  3 gnolls (D:3)
  8 adders
  7 river rats (Sewer)
  A shadow imp (D:3)
  An ooze (D:1)
  5 worms
  2 dart slugs
  9 leopard geckos
  25 orcs
  6 giant cockroaches
  18 goblins
  11 hobgoblins
  3 jackals (D:3)
  31 kobolds
  5 quokkas
  7 ball pythons
  11 bats
  8 frilled lizards
  24 rats
247 creatures vanquished.

Notes
Turn   | Place    | Note
-------+----------+-------------------------------------------
     0 | D:1      | poirepourri the Deep Dwarf Fighter began the quest for the
                  | Orb.
     0 | D:1      | Reached XP level 1. HP: 20/20 MP: 1/1
    77 | D:1      | Reached skill level 3 in Axes
   165 | D:1      | Reached XP level 2. HP: 25/27 MP: 2/2
   969 | D:2      | Reached XP level 3. HP: 26/33 MP: 3/3
   971 | D:2      | Reached skill level 4 in Axes
  1115 | D:2      | Found a shattered altar of Ashenzari.
  1280 | D:2      | Reached XP level 4. HP: 27/40 MP: 4/4
  1397 | D:2      | Reached skill level 5 in Axes
  1466 | D:2      | Found a shadowy altar of Dithmenos.
  1694 | D:3      | Noticed Grinder
  1706 | D:3      | Paralysed by Grinder for 7 turns
  1718 | D:3      | Killed Grinder
  1718 | D:3      | Reached skill level 7 in Axes
  1718 | D:3      | Reached XP level 5. HP: 17/46 MP: 5/5
  1718 | D:3      | Reached XP level 6. HP: 20/55 MP: 6/6
  1830 | D:3      | Found a burning altar of Makhleb.
  1832 | D:3      | Noticed Jessica
  1842 | D:3      | Killed Jessica
  1847 | D:3      | Became a worshipper of Makhleb the Destroyer
  2127 | D:3      | Noticed Robin
  2138 | D:3      | Reached * piety under Makhleb
  2149 | D:3      | Killed Robin
  2400 | D:3      | Found an iron altar of Okawaru.
  2468 | D:3      | Reached skill level 8 in Axes
  2540 | D:3      | Found a sacrificial altar of Ru.
  2559 | D:4      | Reached XP level 7. HP: 32/61 MP: 7/7
  2690 | D:4      | Reached ** piety under Makhleb
  2785 | D:4      | Reached skill level 9 in Axes
  2835 | D:4      | Found a staircase to the Ecumenical Temple.
  2849 | Temple   | Entered the Ecumenical Temple
  3253 | D:5      | Entered Level 5 of the Dungeon
  3268 | D:5      | Noticed Sigmund
  3279 | D:5      | Killed Sigmund
  3279 | D:5      | Reached skill level 10 in Axes
  3339 | D:5      | Noticed Ijyb
  3344 | D:5      | Killed Ijyb
  3487 | D:5      | Reached XP level 8. HP: 41/68 MP: 8/8
  3530 | D:5      | Found a snail-covered altar of Cheibriados.
  3833 | D:5      | Found a glowing drain.
  3843 | Sewer    | Entered a sewer
  3947 | Sewer    | Reached *** piety under Makhleb
  4044 | Sewer    | Reached skill level 11 in Axes
  4342 | D:5      | Found Ajivif's General Store.
  4347 | D:5      | Bought a potion of curing for 42 gold pieces
  4347 | D:5      | Bought a scroll of identify for 28 gold pieces
  4348 | D:5      | Bought a scroll of identify for 28 gold pieces
  4348 | D:5      | Bought a scroll of identify for 28 gold pieces
  4585 | D:5      | Found a white marble altar of Elyvilon.
  4636 | D:5      | Found a basalt altar of Yredelemnul.
  4683 | D:6      | Found a blossoming altar of Fedhas.
  5623 | D:7      | Found a white marble altar of Elyvilon.
  5719 | D:7      | Reached **** piety under Makhleb
  5730 | D:7      | Reached skill level 12 in Axes
  5871 | D:7      | Found a runed translucent door.
  5871 | D:7      | Found a runed translucent door.
  5871 | D:7      | Noticed an efreet
  5871 | D:7      | Noticed a two-headed ogre
  5872 | D:7      | Noticed an orc knight
  5875 | D:7      | Found a runed translucent door.
  5875 | D:7      | Noticed a gargoyle
  5997 | D:7      | Gained mutation: You passively map the area around you.
                  | [Deep Dwarf growth]
  5997 | D:7      | Reached XP level 9. HP: 64/78 MP: 8/8
  6530 | D:8      | Reached skill level 5 in Fighting
  6592 | D:8      | Noticed a troll
  6621 | D:8      | Killed a troll
  7000 | D:8      | Found a staircase to the Lair.
  7134 | D:8      | Noticed Grum
  7149 | D:8      | Slain by Grum

Skill      XL: |  1  2  3  4  5  6  7  8  9 |
---------------+----------------------------+-----
Axes           | 3 4 7 8 10 12 | 12.1
Fighting       | 4 8 |  8.5
Armour         | |  3.2
Shields        | |  3.2

Action                   |  1- 3 |  4- 6 |  7- 9 || total
-------------------------+-------+-------+-------++-------
Melee: War axe           |   132 |   191 |   374 ||   697
 Abil: Heal Wounds       |       |     3 |     6 ||     9
  Use: Scroll            |     5 |     5 |    15 ||    25
       Potion            |     1 |     1 |     9 ||    11
  Eat: Ration            |     1 |     1 |     4 ||     6
Armor: Scale mail        |    71 |    75 |   115 ||   261
Dodge: Dodged            |    40 |    49 |   108 ||   197
Block: Shield            |    67 |   100 |   184 ||   351
